 Dungeon Crawl Stone Soup version 0.21.1-1-g345015fe64 (webtiles) character file.

85068 Gargoyl the Agent of Entropy (level 15, -21/129 HPs)
             Began as a Centaur Abyssal Knight on June 25, 2018.
             Was a Priest of Lugonu.
             Demolished by an orc knight
             ... wielding a +0 war axe
              (22 damage)
             ... on level 2 of the Orcish Mines.
             The game lasted 00:56:15 (27421 turns).

Gargoyl the Agent of Entropy (CeAK)                Turns: 27421, Time: 00:56:17

Health: -21/129    AC: 21    Str: 18    XL:     15   Next: 37%
Magic:  18/25      EV: 10    Int: 11    God:    Lugonu [***...]
Gold:   1712       SH: 11    Dex: 12    Spells: 14/14 levels left

rFire    . . .     SeeInvis .   P - +2 war axe (elec)
rCold    . . .     Gourm    .   A - +1 shield
rNeg     . . .     Faith    .   g - +3 ring mail {rPois}
rPois    +         Spirit   .   a - +2 helmet
rElec    .         Reflect  .   l - +2 cloak
rCorr    .         Harm     .   j - +2 pair of gloves
MR       +....                  (no barding)
Stlth    ..........             q - amulet of regeneration
HPRegen  0.71/turn              m - +1 ring of slaying
MPRegen  0.19/turn              W - ring of flight

@: very quick
A: large, hooves 3, deformed body, speed 2, tough skin 3
a: Depart the Abyss, Bend Space, Banish, Renounce Religion, Evoke Flight


You were on level 2 of the Orcish Mines.
You worshipped Lugonu.
Lugonu was most pleased with you.
You were near starving.

You visited 3 branches of the dungeon, and saw 23 of its levels.
You visited the Abyss 3 times.

You collected 2135 gold pieces.
You spent 423 gold pieces at shops.

Inventory:

Hand Weapons
 d - a +6 demon blade of freezing
 G - a +0 hand axe of venom
 P - a +2 war axe of electrocution (weapon)
Missiles
 H - 5 tomahawks of returning (quivered)
Armour
 a - a +2 helmet (worn)
 g - a +3 ring mail of poison resistance (worn)
 j - a +2 pair of gloves (worn)
 l - a +2 cloak (worn)
 A - a +1 shield (worn)
Jewellery
 m - a +1 ring of slaying (left hand)
 q - an amulet of regeneration (around neck)
 y - a +5 amulet of reflection
 W - a ring of flight (right hand)
Wands
 k - a wand of acid (11)
 n - a wand of polymorph (52)
 o - a wand of flame (80)
 w - a wand of digging (13)
 E - a wand of clouds (3)
 J - a wand of paralysis (14)
 O - a wand of random effects (36)
 Q - a wand of iceblast (16)
 T - a wand of enslavement (32)
 U - a wand of scattershot (5)
 X - a wand of disintegration (13)
Scrolls
 h - 4 scrolls of blinking
 r - 5 scrolls of amnesia
 t - a scroll of teleportation
 u - 11 scrolls of remove curse
 v - 3 scrolls of fear
 B - 4 scrolls of fog
 L - 6 scrolls of identify
 R - a scroll of brand weapon
 S - 2 scrolls of magic mapping
Potions
 b - 2 potions of brilliance
 f - 7 potions of curing
 i - 2 potions of agility
 p - 4 potions of flight
 x - 3 potions of lignification
 z - a potion of might
 C - a potion of magic
 I - a potion of resistance
 M - a potion of cancellation
Books
 e - a book of Enchantments

   Spells                             Type                      Level
   a - Cause Fear                     Hexes                        4
   b - Yara's Violent Unravelling     Hexes/Transmutation          5
   c - Silence                        Hexes/Air                    5
   d - Deflect Missiles               Charms/Air                   6
   e - Discord                        Hexes                        8
 s - a book of the Earth

   Spells                             Type                      Level
   a - Leda's Liquefaction            Hexes/Earth                  4
   b - Bolt of Magma                  Conjuration/Fire/Earth       5
   c - Statue Form                    Transmutation/Earth          6
   d - Iron Shot                      Conjuration/Earth            6
   e - Shatter                        Earth                        9
 D - a book of Misfortune

   Spells                             Type                      Level
   a - Confusing Touch                Hexes                        1
   b - Confuse                        Hexes                        3
   c - Gell's Gravitas                Translocation                3
   d - Petrify                        Transmutation/Earth          4
   e - Metabolic Englaciation         Hexes/Ice                    5
   f - Yara's Violent Unravelling     Hexes/Transmutation          5
 F - a book of Minor Magic

   Spells                             Type                      Level
   a - Magic Dart                     Conjuration                  1
   b - Blink                          Translocation                2
   c - Call Imp                       Summoning                    2
   d - Slow                           Hexes                        2
   e - Conjure Flame                  Conjuration/Fire             3
   f - Mephitic Cloud                 Conjuration/Poison/Air       3
 K - a book of Debilitation

   Spells                             Type                      Level
   a - Corona                         Hexes                        1
   b - Slow                           Hexes                        2
   c - Inner Flame                    Hexes/Fire                   3
   d - Portal Projectile              Hexes/Translocation          3
   e - Cause Fear                     Hexes                        4
   f - Leda's Liquefaction            Hexes/Earth                  4
 V - a book of Alchemy

   Spells                             Type                      Level
   a - Sublimation of Blood           Necromancy                   2
   b - Ignite Poison                  Fire/Transmutation/Poison    3
   c - Petrify                        Transmutation/Earth          4
   d - Alistair's Intoxication        Transmutation/Poison         5
   e - Irradiate                      Conjuration/Transmutation    5
Miscellaneous
 N - a lightning rod (4/4)
Comestibles
 c - 21 rations


   Skills:
 + Level 11.1 Fighting
 + Level 13.4 Long Blades
 + Level 2.8 Axes
 + Level 0.3 Throwing
 * Level 10.2 Armour
 + Level 5.8 Dodging
 + Level 5.8 Shields
 * Level 13.7 Invocations
 + Level 1.0 Evocations


You had 14 spell levels left.
You didn't know any spells.

Dungeon Overview and Level Annotations

Branches:
Dungeon (15/15)            Temple (0/1) D:5            Lair (6/6) D:10
 Shoals (0/4) Lair:4       Spider (0/4) Lair:2        Slime (0/5) Lair:6
    Orc (2/2) D:10         Vaults (0/5) D:14         Depths (0/5) D:15
    Elf: Orc:2

Altars:
Ashenzari
Cheibriados
Dithmenos
Gozag
Nemelex Xobeh
Okawaru
Vehumet
Wu Jian
The Shining One

Shops:
D:6 :?(   D:8 [

Annotations:
Orc:2 corrupted


Innate Abilities, Weirdness & Mutations

You have hooves in place of feet.
Armour fits poorly on your strangely shaped body.
You cover ground very quickly.
You have extremely tough skin. (AC +3)


Message History

You hear a shout! x5
You block the orc warlord's attack.
The orc warrior throws a tomahawk.
The tomahawk hits the small abomination but does no damage.
The orc priest hits the thrashing horror with a trident.
The orc high priest mumbles some strange prayers to Beogh.
The orc wizard moves out of view.
The orc warrior hits the large abomination with a mace of holy wrath!
The large abomination convulses.
The orc sorcerer hits you but does no damage.
Send 'em back where they came from!
The tentacled starspawn shudders.
The thrashing horror shudders.
The large abomination shudders.
The sun demon shudders.
The small abomination shudders.
The white imp shudders.
The small abomination shudders.
The orc knight roars a battlecry!
The orcs go into a battle-frenzy!
The orc wizard mumbles some strange words.
The orc wizard flickers and vanishes!
Deactivating autopickup; reactivate with Ctrl-A.
The orc knight hits you with a war axe!!
You die...

.# .# #. #. ..#
..#.. #..
...###...###...
oo.o.....X..#o.
....o#.o3.o.#o.
#.#.ooo.o.#
#...#ooXx.#
#.Xoo@o...#
#..Xoo#oo.#
#.#oooo..5#
#...4o#...#
#.#.x..#o..#
{o.oo.o#....o.
.....ooo....o..
.........oo...o


You could see an orc warlord, 3 orc knights, 3 orc high priests, 3 orc
sorcerers, a red devil, 11 orc warriors, 7 orc priests, 3 orc wizards, a neutral
tentacled starspawn, a neutral sun demon, a neutral thrashing horror, 2 neutral
large abominations, 2 neutral small abominations and a neutral white imp.

Vanquished Creatures
  Rupert (Lair:4)
  Gastronok (D:8)
  A tentacled starspawn (Abyss:1)
  An ettin (Orc:1)
  The ghost of Kohma the Nimble, a journeyman SpVM of Dithmenos (Lair:4)
  An ice dragon (Lair:6)
  A yaktaur captain (D:15)
  4 vault guards
  A catoblepas (D:14)
  Erica (D:8)
  5 two-headed ogres
  Urug (D:11)
  8 skeletal warriors
  2 unseen horrors
  2 lindwurms (Lair:6)
  2 orc sorcerers (D:14)
  A cyclops (D:15)
  2 manticores (D:13)
  22 ugly things
  21 elephants
  A black mamba (D:10)
  2 merfolk sirens (Lair:4)
  Maurice (D:9)
  6 torpor snails
  4 spiny frogs
  A gargoyle (D:14)
  A kobold demonologist (D:15)
  A rime drake (Lair:4)
  A freezing wraith (D:14)
  A yaktaur (D:15)
  5 komodo dragons
  A tengu conjurer (D:14)
  A merfolk (Lair:3)
  2 meliai (D:13)
  2 trolls
  10 hornets
  A polar bear (Lair:3)
  A jumping spider (Lair:2)
  Prince Ribbit (D:7)
  A tyrant leech (Lair:6)
  7 dream sheep
  A harpy skeleton (D:15)
  4 slime creatures (D:13)
  5 blink frogs
  12 hippogriffs
  3 redbacks (Lair:2)
  A large abomination (Abyss:1)
  A vampire (D:11)
  A centaur simulacrum (D:15)
  2 wraiths
  2 shadows
  A human (D:14)
  2 wyverns
  4 hungry ghosts
  Grum (D:10)
  2 basilisks (Lair:3)
  35 yaks
  8 vampire mosquitoes
  A steam dragon (Lair:4)
  Edmund (D:3)
  A warg (Orc:1)
  2 hell hounds (Lair:6)
  10 water moccasins
  The ghost of Mesmodan the Magician, an amateur DEWz (D:4)
  Duvessa (D:5)
  6 porcupines
  4 ice beasts
  16 orc warriors
  2 phantoms
  4 sky beasts
  A black bear (Lair:4)
  A necrophage (D:11)
  2 eyes of draining
  7 ogres
  3 boggarts (D:15)
  2 centaurs
  7 wolves
  2 big kobolds
  8 crocodiles
  2 gnoll sergeants
  A small abomination (Abyss:1)
  18 bullfrogs
  Dowan (D:5)
  A scorpion (D:10)
  5 wights (D:11)
  7 killer bees
  3 electric eels (D:8)
  7 howler monkeys
  3 crimson imps
  3 bullfrog zombies
  2 centaur zombies
  5 hounds
  A quasit (Abyss:1)
  15 orc priests
  4 jellies
  15 orc wizards
  6 centaur skeletons
  5 iguanas
  Ijyb (D:2)
  16 worker ants
  2 hound skeletons
  A mummy (D:4)
  15 gnolls
  13 adders
  8 shadow imps
  6 oozes
  2 worms
  A dart slug (D:3)
  12 leopard geckos
  57 orcs
  4 bats
  6 giant cockroaches
  7 goblins
  3 hobgoblins
  5 jackals
  A quokka (D:3)
  A ball python (D:1)
  3 frilled lizards
  19 kobolds
  A leopard gecko skeleton (D:9)
  A quokka skeleton (D:7)
  A quokka zombie (D:7)
  7 rats
  A fungus (Lair:5)
  2 plants
  A starspawn tentacle (Abyss:1)
598 creatures vanquished.

Vanquished Creatures (others)
  A dire elephant (Lair:6)
  6 hydras
  A centaur warrior (D:15)
  2 two-headed ogres
  An orc knight (D:14)
  An ugly thing (D:13)
  A merfolk siren (Lair:4)
  2 jumping spiders (Lair:2)
  A meliai (D:13)
  A hornet (Lair:6)
  2 tyrant leeches (Lair:6)
  A yak (Lair:6)
  An orc warrior (D:6)
  2 hell hounds (D:10)
  A centaur (D:15)
  An orc (Orc:2)
  3 fungi (Lair:5)
  21 plants
  A starspawn tentacle (Abyss:1)
50 creatures vanquished.

Grand Total: 648 creatures vanquished

Notes
Turn   | Place    | Note
-------+----------+-------------------------------------------
     0 | Abyss:1  | Gargoyl the Centaur Abyssal Knight began the quest for the Orb.
     0 | Abyss:1  | Reached XP level 1. HP: 19/19 MP: 2/2
     2 | Abyss:1  | Found a corrupted altar of Lugonu.
     6 | Abyss:1  | Found a hide-covered altar of Uskayaw.
   123 | Abyss:2  | Noticed a flying skull
   125 | Abyss:2  | Noticed a flying skull
   125 | Abyss:2  | Noticed a flying skull
   126 | Abyss:2  | Noticed a flying skull
   126 | Abyss:2  | Noticed a flying skull
   129 | Abyss:2  | Noticed a flying skull
   135 | Abyss:2  | Noticed a green draconian
   143 | D:1      | Escaped the Abyss
   465 | D:1      | Reached XP level 2. HP: 13/26 MP: 3/3
   785 | D:1      | Reached * piety under Lugonu
   921 | D:1      | Reached XP level 3. HP: 29/31 MP: 4/4
  1458 | D:2      | Reached skill level 1 in Dodging
  1555 | D:2      | Found an iron altar of Okawaru.
  1821 | D:3      | Reached skill level 1 in Long Blades
  1821 | D:3      | Reached XP level 4. HP: 29/38 MP: 6/6
  1913 | D:3      | Reached ** piety under Lugonu
  2329 | D:3      | Reached XP level 5. HP: 39/45 MP: 7/7
  2339 | D:3      | Noticed Ijyb
  2350 | D:2      | Killed Ijyb
  2856 | D:4      | Found a radiant altar of Vehumet.
  3069 | D:4      | Reached XP level 6. HP: 40/52 MP: 8/8
  3160 | D:4      | Noticed Edmund
  3197 | D:3      | Killed Edmund
  3275 | D:4      | Noticed Mesmodan's ghost (amateur DEWz)
  3327 | D:4      | Killed Mesmodan's ghost
  3327 | D:4      | Reached XP level 7. HP: 50/59 MP: 10/10
  3775 | D:4      | Found a snail-covered altar of Cheibriados.
  3846 | D:4      | Found a shattered altar of Ashenzari.
  3847 | D:4      | Found an ornate altar of the Wu Jian Council.
  3943 | D:5      | Entered Level 5 of the Dungeon
  4168 | D:5      | Reached *** piety under Lugonu
  4314 | D:5      | Reached XP level 8. HP: 67/67 MP: 11/11
  4453 | D:5      | Found an opulent altar of Gozag.
  4491 | D:5      | Noticed Duvessa
  4491 | D:5      | Noticed Dowan
  4497 | D:5      | Killed Duvessa
  4507 | D:5      | Killed Dowan
  4507 | D:5      | Reached skill level 5 in Invocations
  4551 | D:5      | Found a staircase to the Ecumenical Temple.
  4690 | D:6      | Found Wiog's Book Emporium.
  4862 | D:6      | Reached skill level 5 in Long Blades
  5034 | D:6      | HP: 2/67 [orc warrior/trident of flaming (4)]
  5037 | D:6      | Reached skill level 1 in Evocations
  5088 | D:6      | Found Atiakk's Magic Scroll Shoppe.
  5120 | D:6      | Bought a scroll of teleportation for 33 gold pieces
  5120 | D:6      | Bought a scroll of fear for 38 gold pieces
  5120 | D:6      | Bought a scroll of enchant armour for 82 gold pieces
  5240 | D:6      | Reached skill level 5 in Fighting
  5293 | D:6      | Found Pucuag's Antique Weapon Shop.
  5307 | D:6      | Bought a glowing war axe for 162 gold pieces
  5497 | D:7      | Found a sparkling altar of Nemelex Xobeh.
  5502 | D:7      | Noticed a hippogriff
  5510 | D:7      | Killed a hippogriff
  5556 | D:7      | Reached XP level 9. HP: 74/74 MP: 13/13
  5747 | D:7      | Reached skill level 5 in Armour
  6158 | D:7      | Found a snail-covered altar of Cheibriados.
  6230 | D:7      | Noticed Prince Ribbit
  6561 | D:7      | Killed Prince Ribbit
  6682 | D:7      | Noticed a two-headed ogre
  6689 | D:7      | Banished a two-headed ogre
  6995 | D:8      | Found Wiarimian's Antique Armour Shoppe.
  7003 | D:8      | Bought a shield for 108 gold pieces
  7016 | D:8      | Noticed a two-headed ogre
  7025 | D:8      | Banished a two-headed ogre
  7025 | D:8      | Reached XP level 10. HP: 27/84 MP: 6/15
  7206 | D:8      | Noticed Gastronok
  7224 | D:8      | Killed Gastronok
  7283 | D:8      | Noticed Erica
  7298 | D:8      | Killed Erica
  7566 | D:8      | Noticed a two-headed ogre
  7567 | D:8      | Banished a two-headed ogre
  7735 | D:9      | Found a glowing golden altar of the Shining One.
  7886 | D:9      | Reached **** piety under Lugonu
  8044 | D:9      | Noticed Maurice
  8076 | D:9      | Reached XP level 11. HP: 81/92 MP: 17/17
  8207 | D:9      | Killed Maurice
  8622 | D:10     | Entered Level 10 of the Dungeon
  8736 | D:10     | Noticed Grum
  8752 | D:10     | Killed Grum
  8901 | D:10     | Reached skill level 1 in Shields
  8970 | D:10     | Found a staircase to the Orcish Mines.
  9299 | D:10     | Found a staircase to the Lair.
  9914 | Lair:1   | Entered Level 1 of the Lair of Beasts
 10444 | Lair:1   | Noticed a four-headed hydra
 10447 | Lair:1   | Banished a four-headed hydra
 10803 | Lair:2   | Noticed a five-headed hydra
 10804 | Lair:2   | Banished a five-headed hydra
 10997 | Lair:2   | Found a hole to the Spider Nest.
 11097 | Lair:2   | Reached skill level 10 in Invocations
 11220 | Lair:2   | Reached XP level 12. HP: 79/101 MP: 19/19
 11447 | Lair:2   | Reached skill level 10 in Long Blades
 11897 | Lair:3   | Noticed a five-headed hydra
 11898 | Lair:3   | Banished a five-headed hydra
 12915 | Lair:4   | Noticed a four-headed hydra
 12918 | Lair:4   | Banished a four-headed hydra
 12957 | Lair:4   | Noticed Kohma's ghost (journeyman SpVM)
 13531 | Lair:4   | Killed Kohma's ghost
 13876 | Lair:4   | Found a staircase to the Shoals.
 14159 | Lair:5   | Noticed a four-headed hydra
 14160 | Lair:5   | Banished a four-headed hydra
 14393 | Lair:5   | Reached XP level 13. HP: 101/110 MP: 21/21
 14429 | Lair:5   | Noticed Rupert
 14623 | Lair:5   | Reached ***** piety under Lugonu
 14751 | Lair:4   | Killed Rupert
 15614 | Lair:6   | Entered Level 6 of the Lair of Beasts
 15657 | Lair:6   | Killed a dire elephant
 16231 | Lair:6   | Found a staircase to the Slime Pits.
 16760 | Lair:6   | Found a runed door.
 16778 | Lair:6   | Reached skill level 5 in Dodging
 16824 | Lair:6   | Paralysed by a hornet for 1 turns
 17121 | Lair:6   | Got an ancient chain mail
 17270 | Lair:6   | Identified the +1 chain mail of Dramatic Exits {rCorr Str-3 Stlth+} (You found it on level 6 of the Lair of Beasts)
 17626 | D:11     | Noticed Urug
 17646 | D:11     | Killed Urug
 18057 | D:11     | Reached XP level 14. HP: 89/119 MP: 23/23
 18669 | D:12     | Got a sparkling jade ring
 18670 | D:12     | Identified the ring "Ruonikh" {*Tele Int-2 Dex+6} (You found it on level 12 of the Dungeon)
 18689 | D:12     | Found a shadowy altar of Dithmenos.
 18740 | D:12     | Reached skill level 10 in Fighting
 19235 | D:12     | Escaped the Abyss
 22349 | D:14     | Paralysed by an orc sorcerer for 3 turns
 22541 | D:14     | Reached skill level 5 in Shields
 22974 | D:14     | Found a gate to the Vaults.
 23231 | D:15     | Entered Level 15 of the Dungeon
 24900 | D:14     | Reached skill level 10 in Armour
 25059 | D:15     | Reached XP level 15. HP: 107/128 MP: 25/25
 25988 | D:15     | Found a staircase to the Depths.
 26872 | Orc:1    | Entered Level 1 of the Orcish Mines
 27073 | Orc:2    | Entered Level 2 of the Orcish Mines
 27107 | Orc:2    | Cast into level 1 of the Abyss (orc warrior)
 27148 | Abyss:1  | Noticed a tentacled starspawn
 27159 | Abyss:1  | Killed a tentacled starspawn
 27202 | Orc:2    | Escaped the Abyss
 27420 | Orc:2    | Noticed an orc warlord
 27420 | Orc:2    | HP: 6/129 [orc priest/divine providence (16)]
 27421 | Orc:2    | Corrupted Orc:2
 27421 | Orc:2    | Noticed a tentacled starspawn
 27421 | Orc:2    | Demolished by an orc knight

Skill      XL: |  1  2  3  4  5  6  7  8  9 10 11 12 13 14 15 |
---------------+----------------------------------------------+-----
Armour         | 2 3 4 5 6 7 8 9 10 | 10.2
Dodging        | 1 2 3 4 5 |  5.8
Long Blades    | 1 2 3 4 5 7 8 9 11 12 13 | 13.4
Invocations    | 3 4 5 7 8 10 11 12 13 | 13.7
Fighting       | 4 5 6 7 8 9 10 11 | 11.1
Evocations     | 1 |  1.0
Shields        | 2 3 4 5 |  5.8
Axes           | 2 |  2.8
Throwing       | |  0.3

Action                   |  1- 3 |  4- 6 |  7- 9 | 10-12 | 13-15 || total
-------------------------+-------+-------+-------+-------+-------++-------
Melee: Demon blade       |    86 |   125 |   237 |   656 |  1127 ||  2231
       Kick              |    13 |    22 |    66 |   185 |   410 ||   696
       Hand axe          |       |       |       |    21 |       ||    21
       War axe           |       |       |       |       |    96 ||    96
Throw: Tomahawk          |       |       |       |       |     4 ||     4
Invok: Depart the Abyss  |     1 |       |       |       |     2 ||     3
       Banish            |       |       |     4 |    12 |    17 ||    33
       Bend Space        |       |       |       |       |     3 ||     3
       Enter the Abyss   |       |       |       |       |     1 ||     1
       Corrupt           |       |       |       |       |     1 ||     1
Evoke: Wand              |       |     3 |     5 |       |       ||     8
  Use: Scroll            |     4 |     7 |    13 |    15 |    12 ||    51
       Potion            |       |     1 |     1 |     2 |     5 ||     9
 Stab: Confused          |       |       |       |     1 |       ||     1
       Invisible         |       |       |       |       |     4 ||     4
  Eat: Chunk             |     2 |     4 |    13 |    24 |    22 ||    65
       Ration            |       |       |     1 |     4 |     6 ||    11
Armor: Leather armour    |    13 |       |       |       |       ||    13
       Ring mail         |    45 |    95 |    99 |   333 |   526 ||  1098
Dodge: Dodged            |    45 |    54 |    97 |   176 |   363 ||   735
Block: Shield            |       |       |     7 |   265 |   624 ||   896
       Reflection        |       |       |       |       |    17 ||    17
       Rpst.: Demon blade |    14 |    20 |    31 |    37 |    63 ||   165
